 Dungeon Crawl Stone Soup version 0.28.0-43-g3370ac3207 (webtiles) character file.

Game seed: 4275505466288392095

221 croobank the Firebug (level 5, -6/38 HPs)
             Began as a Gnoll Fire Elementalist on Mar 30, 2022.
             Killed from afar by Natasha (10 damage)
             ... with a puff of flame
             ... on level 3 of the Dungeon.
             The game lasted 00:11:07 (2979 turns).

croobank the Firebug (Gnoll Fire Elementalist)      Turns: 2979, Time: 00:11:08

Health: -6/38      AC:  2    Str:  7    XL:     5   Next: 98%
Magic:  1/12       EV: 13    Int: 17    God:
Gold:   124        SH:  0    Dex: 12    Spells: 4/14 levels left

rFire   . . .      SeeInvis .   a - +1 dagger (venom)
rCold   . . .      Faith    .   (no shield)
rNeg    . . .      Spirit   .   d - +0 robe
rPois   .          Reflect  .   (no helmet)
rElec   .          Harm     .   (no cloak)
rCorr   .          Rampage  .   (no gloves)
Will    .....                   (no boots)
Stlth   +++.......              h - amulet of regeneration
HPRegen 0.92/turn               (no ring)
MPRegen 0.13/turn               (no ring)

@: no status effects
A: fangs 1, strong nose, distributed training
a: no special abilities


You were on level 3 of the Dungeon.
You visited 1 branch of the dungeon, and saw 3 of its levels.

You collected 124 gold pieces.

Inventory:

Hand Weapons
 a - a +1 dagger of venom (weapon)
 b - a +0 hunting sling
 j - a +0 long sword
Missiles
 c - 77 stones
 m - 20 arrows
Armour
 d - a +0 robe (worn)
 l - a +0 kite shield
Jewellery
 h - an amulet of regeneration (around neck)
Scrolls
 e - a scroll of enchant weapon
 f - a scroll of noise {unknown}
 g - 3 scrolls of teleportation {unknown}
 i - 2 scrolls of identify {unknown}
 k - a scroll of fog {unknown}


   Skills:
 + Level 1.7 Fighting
 + Level 1.7 Short Blades
 + Level 1.7 Long Blades
 + Level 1.7 Axes
 + Level 1.7 Maces & Flails
 + Level 1.7 Polearms
 + Level 1.7 Staves
 + Level 1.7 Slings
 + Level 1.7 Bows
 + Level 1.7 Crossbows
 + Level 1.7 Throwing
 + Level 1.7 Armour
 + Level 4.9 Dodging
 + Level 4.5 Stealth
 + Level 1.7 Shields
 + Level 1.7 Unarmed Combat
 + Level 5.2 Spellcasting
 + Level 2.5 Conjurations
 + Level 1.3 Hexes
 + Level 1.3 Summonings
 + Level 1.3 Necromancy
 + Level 1.3 Translocations
 + Level 1.3 Transmutations
 + Level 5.6 Fire Magic
 + Level 1.3 Ice Magic
 + Level 1.3 Air Magic
 + Level 1.3 Earth Magic
 + Level 1.3 Poison Magic
 + Level 1.9 Invocations
 + Level 1.7 Evocations


You had 4 spell levels left.
You knew the following spells:

 Your Spells              Type           Power      Damage    Failure   Level
a - Foxfire               Conj/Fire      72%        2x1d7     2%          1
b - Scorch                Fire           46%        2d7       1%          2
c - Flame Wave            Conj/Fire      18%        2d6       26%         4
d - Mephitic Cloud        Conj/Pois/Air  10%        N/A       21%         3

Your spell library contained the following spells:

 Spells                   Type           Power      Damage    Failure   Level
 Sandblast                Erth           18%        2d7       8%          1
 Conjure Flame            Conj/Fire      18%        6-21      8%          3
 Inner Flame              Hex/Fire       16%        N/A       10%         3
 Passwall                 Tmut/Erth      7%         N/A       12%         2
 Ignite Poison            Fire/Tmut/Pois 13%        N/A       13%         3
 Stone Arrow              Conj/Erth      22%        3d8       19%         3
 Freezing Cloud           Conj/Ice/Air   5%         6-21      88%         5
 Summon Forest            Summ/Tloc      4%         N/A       91%         5
 Eringya's Noxious Bog    Tmut/Pois      4%         N/A       100%        6
 Summon Hydra             Summ           4%         N/A       100%        7


Dungeon Overview and Level Annotations

Branches:
Dungeon (3/15)

Altars:

Shops:
D:2 ([!=[

Annotations:
D:3 Ijyb, Natasha


Innate Abilities, Weirdness & Mutations

You have very sharp teeth.
Your uncanny sense of smell can sniff out nearby items.
Your experience applies equally to all skills.


Message History

Natasha stares at you and mumbles some strange words.
The magic dart hits you.
You aren't carrying any potions.
As you read the scroll labelled NENYFF RIRABOO, it crumbles to dust.
It is a scroll of enchant weapon.
Your +0 dagger of venom glows red for a moment.
Your magical contamination has completely faded away.
Casting: Foxfire (safe; 2% risk of failure)
Confirm with . or Enter, or press ? or * to list all spells.
You conjure some foxfire!
Natasha stares at you and mumbles some strange words.
The magic dart hits you.
You closely miss Natasha.
Natasha is moderately wounded.
The foxfire hits Natasha.
Natasha is heavily wounded.
Natasha mumbles some strange words.
You miss Natasha. You bite Natasha, but do no damage.
Natasha is heavily wounded.
Natasha casts a spell at you. The magic dart hits you!
Unknown command.
You closely miss Natasha.
Natasha is heavily wounded.
Natasha claws you!
* * * LOW HITPOINT WARNING * * *
You aren't carrying any potions.
Okay, then.
Okay, then.
You closely miss Natasha.
Natasha is heavily wounded.
Natasha casts a spell at you. The magic dart hits you.
* * * LOW HITPOINT WARNING * * *
Okay, then.
You aren't carrying any potions.
Unknown command.
Sorry, you're not good enough to have a special ability.
Natasha zaps a wand.
The puff of flame hits you!
You die...

#. #.<.# #.# #...#
###.#### #...# # ##
#......# #...# #$...
#.....[# ######...#####
#..
..##...#..###.............
#...
........................
#....
##.#.##@###.............
#.....##...h..#
######...#####
#......##.#### #......#
#.####§##.# #...^#.#
#§##.# #....#.# .....#
#....#.# #.####
#######..###.# ..#
#........###.# ..#
#............# #


You could see Natasha (empowered).

Vanquished Creatures
  A sky beast (D:3)
  Terence (D:2)
  Natasha (D:3)
  3 adders (D:2)
  3 worms
  A dart slug (D:2)
  5 bats
  7 endoplasms
  3 giant cockroaches (D:1)
  3 hobgoblins
  3 jackals (D:1)
  A quokka (D:2)
  2 ball pythons (D:1)
  3 frilled lizards
  A goblin (D:2)
  2 kobolds
  5 rats
45 creatures vanquished.

Vanquished Creatures (others)
  51 foxfires
51 creatures vanquished.

Grand Total: 96 creatures vanquished

Notes
Turn   | Place    | Note
-------+----------+-------------------------------------------
     0 | D:1      | croobank the Gnoll Fire Elementalist began the quest for
                  | the Orb.
     0 | D:1      | Reached XP level 1. HP: 13/13 MP: 6/6
   190 | D:1      | Reached XP level 2. HP: 19/19 MP: 5/7
   193 | D:1      | Learned a level 2 spell: Scorch
   982 | D:1      | Reached XP level 3. HP: 25/25 MP: 6/9
  1050 | D:1      | Reached skill level 5 in Spellcasting
  1252 | D:2      | Reached skill level 1 in Invocations
  1332 | D:2      | Found Sicalut's Armour Boutique.
  1345 | D:2      | Found Ossan's Armour Shop.
  1349 | D:2      | Found Vyet's Distillery.
  1452 | D:2      | Found Kuggebune's Jewellery Emporium.
  1560 | D:2      | Reached skill level 1 in Fighting
  1560 | D:2      | Reached skill level 1 in Short Blades
  1560 | D:2      | Reached skill level 1 in Long Blades
  1560 | D:2      | Reached skill level 1 in Axes
  1560 | D:2      | Reached skill level 1 in Maces & Flails
  1560 | D:2      | Reached skill level 1 in Polearms
  1560 | D:2      | Reached skill level 1 in Staves
  1560 | D:2      | Reached skill level 1 in Slings
  1560 | D:2      | Reached skill level 1 in Bows
  1560 | D:2      | Reached skill level 1 in Crossbows
  1560 | D:2      | Reached skill level 1 in Throwing
  1560 | D:2      | Reached skill level 1 in Armour
  1560 | D:2      | Reached skill level 1 in Shields
  1560 | D:2      | Reached skill level 1 in Unarmed Combat
  1560 | D:2      | Reached skill level 1 in Evocations
  1613 | D:2      | Found Eqegojak's Weapon Shop.
  1633 | D:2      | Reached XP level 4. HP: 32/32 MP: 9/11
  1732 | D:2      | Noticed Terence
  1739 | D:2      | Killed Terence
  1972 | D:2      | Reached skill level 1 in Hexes
  1972 | D:2      | Reached skill level 1 in Summonings
  1972 | D:2      | Reached skill level 1 in Necromancy
  1972 | D:2      | Reached skill level 1 in Translocations
  1972 | D:2      | Reached skill level 1 in Transmutations
  1972 | D:2      | Reached skill level 1 in Ice Magic
  1972 | D:2      | Reached skill level 1 in Air Magic
  1972 | D:2      | Reached skill level 1 in Earth Magic
  1972 | D:2      | Reached skill level 1 in Poison Magic
  2609 | D:3      | Learned a level 4 spell: Flame Wave
  2613 | D:3      | Learned a level 3 spell: Mephitic Cloud
  2675 | D:3      | Noticed Natasha
  2680 | D:3      | Killed Natasha
  2681 | D:3      | Reached XP level 5. HP: 31/37 MP: 7/12
  2789 | D:3      | Noticed a sky beast
  2794 | D:3      | Killed a sky beast
  2960 | D:3      | Noticed Ijyb
  2965 | D:3      | Noticed Natasha
  2976 | D:3      | HP: 1/38 [Natasha/magic dart (6)]
  2979 | D:3      | Killed from afar by Natasha

Illustrated notes

Levels and vault maps discovered:
D:1:      dpeg_arrival_arbitrary_c, layout_loops_ring, grunt_decor_arrowhead
D:2:      layout_loops_ring, serial_co_window_serial, co_window_paths_a,
          co_window_corner_a, co_window_corner_a, co_window_paths_a,
          co_window_paths_a, co_window_broadway_b, co_window_paths_c,
          co_window_broadway_a, co_window_corner_cb, co_window_2corner,
          glass_columns_c, serial_shops, nicolae_shop_advertising_works
          [nicolae_subvault_shop_adworks], nicolae_square_shop,
          nicolae_shop_behind_doors, shop, shop_fountains, minivault_26,
          uniq_terence
D:3:      layout_loops_cross, gammafunk_ghost_nasty_kobolds, uniq_ijyb,
          uniq_natasha, uniq_sigmund, uniq_grinder

Skill      XL: |  1  2  3  4 |
---------------+-------------+-----
Conjurations   | 2 |  2.5
Spellcasting   | 5 |  5.2
Invocations    | 1 |  1.9
Fighting       | 1 |  1.7
Short Blades   | 1 |  1.7
Long Blades    | 1 |  1.7
Axes           | 1 |  1.7
Maces & Flails | 1 |  1.7
Polearms       | 1 |  1.7
Staves         | 1 |  1.7
Slings         | 1 |  1.7
Bows           | 1 |  1.7
Crossbows      | 1 |  1.7
Throwing       | 1 |  1.7
Armour         | 1 |  1.7
Shields        | 1 |  1.7
Unarmed Combat | 1 |  1.7
Evocations     | 1 |  1.7
Hexes          | 1 |  1.3
Summonings     | 1 |  1.3
Necromancy     | 1 |  1.3
Translocations | 1 |  1.3
Transmutations | 1 |  1.3
Ice Magic      | 1 |  1.3
Air Magic      | 1 |  1.3
Earth Magic    | 1 |  1.3
Poison Magic   | 1 |  1.3
Dodging        | |  4.9
Stealth        | |  4.5
Fire Magic     | |  5.6

Action                   |  1- 3 |  4- 6 || total
-------------------------+-------+-------++-------
Melee: Unarmed           |     2 |       ||     2
       Dagger            |     1 |     5 ||     6
       Bite              |       |     1 ||     1
 Cast: Foxfire           |    25 |     7 ||    32
       Scorch            |    20 |    22 ||    42
       Mephitic Cloud    |       |     1 ||     1
  Use: Scroll            |       |     1 ||     1
 Stab: Sleeping          |       |     1 ||     1
Armor: Robe              |     2 |       ||     2
Dodge: Dodged            |     7 |     3 ||    10
